 Dungeon Crawl Stone Soup version 0.25-a0-458-g6fc7858b95 (webtiles) character file.

Game seed: 3775579069372486379, levelgen mode: deterministic

102279 LSt the Grappler (level 16, 0/136 HPs)
             Began as an Octopode Transmuter on Jan 31, 2020.
             Was a High Priest of Makhleb.
             Succumbed to a hornet's poison
             ... while paralysed by a hornet
             ... on level 2 of the Swamp on Feb 1, 2020.
             The game lasted 05:39:56 (44627 turns).

LSt the Grappler (Octopode Transmuter)             Turns: 44627, Time: 05:39:57

Health: 0/136      AC: 15    Str: 15    XL:     16   Next: 32%
Magic:  14/25      EV: -2    Int: 17    God:    Makhleb [*****.]
Gold:   4031       SH:  0    Dex: 12    Spells: 2/25 levels left

rFire    . . .     SeeInvis .     - Unarmed
rCold    + + +     Gourm    .   (shield currently unavailable)
rNeg     . . .     Faith    .   (helmet currently unavailable)
rPois    +         Spirit   .   B - amulet of the acrobat
rElec    .         Reflect  .   I - ring of wizardry
rCorr    +         Harm     .   M - +3 ring of protection
MR       +....                  A - ring of resist corrosion
Stlth    +++++++...             Z - +1 ring of evasion
HPRegen  0.32/turn              X - +2 ring of slaying
MPRegen  0.19/turn              h - ring of protection from fire
                                (no ring)
                                (no ring)

@: paralysed, lethally poisoned (0 -> -4), icy armour, ice-form, grasped by
roots, constricted
A: large, almost no armour, stealthy swim, amphibious, 8 rings, (constrict 8)
a: End Transformation, Minor Destruction, Lesser Servant of Makhleb, Major
Destruction, Greater Servant of Makhleb, Renounce Religion


You were on level 2 of the Swamp.
You worshipped Makhleb.
Makhleb was extremely pleased with you.
You were not hungry.
You were a creature of crystalline ice.
You visited 5 branches of the dungeon, and saw 26 of its levels.
You also visited: Ice Cave and Volcano.

You collected 4919 gold pieces.
You spent 888 gold pieces at shops.

Inventory:

Hand Weapons
 a - a +1 fustibalus of flaming
 Y - the +10 glaive of Mivvaok {vorpal, rPois Dex+5 SInv, unknown}
   (You found it in an ice cave)

   It inflicts extra damage upon your enemies.
   It affects your dexterity (+5).
   It protects you from poison.
   It lets you see invisible.
Missiles
 l - 406 stones (quivered)
 t - 8 curare-tipped darts
 z - 201 bolts
 C - 61 sling bullets
 L - 2 throwing nets
 T - 560 arrows
Armour
 x - a +0 hat (melded)
Magical Staves
 b - an uncursed staff of energy (melded)
Jewellery
 h - a ring of protection from fire (on tentacle)
 A - a ring of resist corrosion (on tentacle)
 B - an amulet of the acrobat (around neck)
 I - a ring of wizardry (left front paw)
 M - a +3 ring of protection (right front paw)
 O - the ring "Diminei" {Ice Stlth+}
   (You acquired it on level 1 of the Swamp)

   [ring of ice]

   It enhances your ice magic.
   It makes you vulnerable to fire.
   It protects you from cold.
   It makes you more stealthy.
 Q - a cursed ring of teleportation
 X - a +2 ring of slaying (on tentacle)
 Z - a +1 ring of evasion (on tentacle)
Wands
 q - a wand of flame (41)
 s - a wand of random effects (31)
 D - a wand of scattershot (8)
 E - a wand of acid (21)
 N - a wand of digging (7)
Scrolls
 e - 13 scrolls of remove curse
 k - 4 scrolls of teleportation
 n - 5 scrolls of enchant weapon
 o - 6 scrolls of immolation
 r - 2 scrolls of fear
 y - a scroll of magic mapping
 H - a scroll of brand weapon
 J - 5 scrolls of identify
 K - 2 scrolls of vulnerability
Potions
 f - 4 potions of might
 g - 2 potions of agility
 i - a potion of heal wounds
 j - 3 potions of flight
 m - 7 potions of curing
 p - 2 potions of lignification
 u - 5 potions of berserk rage
 v - 2 potions of invisibility
 w - 4 potions of resistance
 F - 5 potions of haste
 G - 7 potions of mutation
 R - 3 potions of ambrosia
 S - 5 potions of brilliance
 W - a potion of cancellation
Miscellaneous
 P - a phantom mirror
 U - a sack of spiders
Comestibles
 c - 25 rations


   Skills:
 + Level 11.9 Fighting
 + Level 10.1 Dodging
 - Level 14.3 Stealth
 + Level 14.8 Unarmed Combat
 - Level 5.0 Spellcasting
 - Level 1.0 Conjurations
 - Level 1.0 Charms
 - Level 2.0 Translocations
 - Level 8.7 Transmutations
 - Level 4.3 Ice Magic
 - Level 1.0 Air Magic
 - Level 5.3 Poison Magic
 + Level 12.2 Invocations


You had 2 spell levels left.
You knew the following spells:

 Your Spells              Type           Power        Failure   Level  Hunger
a - Beastly Appendage     Tmut           ####..       1%          1    None
b - Sticks to Snakes      Tmut           ####....     1%          2    #......
c - Ignite Poison         Fire/Tmut/Pois ###.....     2%          3    ###....
d - Ice Form              Ice/Tmut       ####....     4%          4    ####...
e - Blade Hands           Tmut           ####......   4%          5    ######.
f - Ozocubu's Armour      Chrm/Ice       ##......     6%          3    ###....
g - Mephitic Cloud        Conj/Pois/Air  ##......     6%          3    ###....
h - Blink                 Tloc           N/A          4%          2    #......

Your spell library contained the following spells:

 Spells                   Type           Power        Failure   Level  Hunger
 Poisonous Vapours        Pois/Air       ###...       2%          2    #......
 Foxfire                  Conj/Fire      #...         4%          1    None
 Infusion                 Chrm           #...         4%          1    None
 Magic Dart               Conj           #...         4%          1    None
 Shock                    Conj/Air       #...         4%          1    None
 Shroud of Golubria       Chrm/Tloc      #.....       4%          2    #......
 Animate Skeleton         Necr           N/A          6%          1    None
 Pain                     Necr           #...         6%          1    None
 Searing Ray              Conj           #.....       6%          2    #......
 Song of Slaying          Chrm           #.......     6%          2    #......
 Swiftness                Chrm/Air       #.......     6%          2    #......
 Call Imp                 Summ           #.......     9%          2    #......
 Slow                     Hex            #.......     9%          2    #......
 Sublimation of Blood     Necr           #.........   9%          2    #......
 Spider Form              Tmut/Pois      ####......   1%          3    ###....
 Alistair's Intoxication  Tmut/Pois      ####....     9%          5    ######.
 Petrify                  Tmut/Erth      ###.....     10%         4    ####...
 Static Discharge         Conj/Air       #.......     12%         3    ###....
 Conjure Flame            Conj/Fire      #.......     14%         3    ###....
 Dazzling Flash           Conj/Hex       #.....       14%         3    ###....
 Spectral Weapon          Hex/Chrm       #.......     14%         3    ###....
 Inner Flame              Hex/Fire       #.......     16%         3    ###....
 Vampiric Draining        Necr           #.........   16%         3    ###....
 Irradiate                Conj/Tmut      ###.......   21%         5    ######.
 Yara's Violent Unravell  Hex/Tmut       ###.......   26%         5    ######.
 Iskenderun's Mystic Bla  Conj/Tloc      #.......     28%         4    ####...
 Airstrike                Air            #.........   34%         4    ####...
 Fulminant Prism          Conj/Hex       #.........   41%         4    ####...
 Sticky Flame             Conj/Fire      #.......     41%         4    ####...
 Eringya's Noxious Bog    Tmut/Pois      ####......   41%         6    #######
 Animate Dead             Necr           N/A          45%         4    ####...
 Cause Fear               Hex            #.........   45%         4    ####...
 Lightning Bolt           Conj/Air       #.........   67%         5    ######.
 Fireball                 Conj/Fire      #.........   75%         5    ######.
 Silence                  Hex/Air        #.........   75%         5    ######.
 Agony                    Necr           #.......     80%         5    ######.
 Freezing Cloud           Conj/Ice/Air   ##........   97%         6    #######
 Deflect Missiles         Chrm/Air       #.........   99%         6    #######
 Ring of Flames           Chrm/Fire      #.........   100%        7    #######
 Discord                  Hex            #.........   100%        8    #######


Dungeon Overview and Level Annotations

Branches:
Dungeon (15/15)            Temple (1/1) D:4            Lair (6/6) D:10
  Swamp (2/4) Lair:4        Snake (0/4) Lair:4        Slime (0/5) Lair:5
    Orc (2/2) D:9             Elf (0/3) Orc:2        Vaults (0/5) D:14
 Depths (0/5) D:15          IceCv (visited)         Volcano (visited)

Altars:
Ashenzari
Cheibriados
Dithmenos
Elyvilon
Fedhas
Gozag
Hepliaklqana
Kikubaaqudgha
Makhleb
Nemelex Xobeh
Okawaru
Qazlal
Ru
Sif Muna
Trog
Uskayaw
Vehumet
Wu Jian
Xom
Yredelemnul
Zin
The Shining One
Beogh
Jiyva

Shops:
D:11 !   D:12 (   Orc:1 %   Orc:2 [*[%

Annotations:
D:4 3 runed translucent doors, PeterQ's ghost, amateur GnGl
D:7 ice beast
D:11 death warrior, 2 phant war, freezing wr
D:13 3 runed translucent doors, Iduconai's ghost, journeyman DrGl
Lair:2 2 transporters, ICC's ghost, journeyman VSGl


Innate Abilities, Weirdness & Mutations

You cannot wear most types of armour.
You are very stealthy in the water. (Stealth+)
You are amphibious.
You can wear up to eight rings at the same time.
((You can use your tentacles to constrict eight enemies at once.))
((Your skin changes colour to match your surroundings (Stealth+).))
((Your rubbery body absorbs attacks. (AC +1, EV +1)))


Message History

The burst of metal fragments hits the hornet.
The burst of metal fragments hits the hornet but does no damage.
The hornet is lightly wounded.
The hornet misses you.
The hornet stings you but does no damage.
Press: ? - help, v - describe, . - travel
Here: a hornet (water, lightly wounded) Some deep water.
A demon appears!
The hornet stings you!
* * * LOW HITPOINT WARNING * * *
The hornet barely misses you.
Roots burst forth from the earth!
The grasping roots grab you!
* * * LOW HITPOINT WARNING * * *
The grasping roots constrict you! The hornet stings you.
* * * LOW HITPOINT WARNING * * *
You are lethally poisoned!
The hornet stings you.
* * * LOW HITPOINT WARNING * * *
You suddenly lose the ability to move!
You die...

♣♣♣ ♣♣Y♣♣♣♣♣♣ ♣♣♣♣♣♣ ♣♣yy3≈♣..♣
♣♣≈...♣ ♣♣.≈≈≈....♣ ♣♣.....≈
♣§.≈≈.....♣♣♣♣≈≈♣♣≈≈≈ ♣♣♣♣
♣♣.≈≈≈.<≈..≈.....♣♣♣♣.
♣♣.≈♣♣♣..≈≈..≈≈≈.>≈≈≈≈≈≈♣♣♣♣
♣..♣♣♣.≈.♣♣♣.f≈≈≈≈≈≈≈≈≈.≈♣♣♣
♣♣♣.♣♣ ♣.≈.♣≈♣.§≈≈≈...≈≈≈≈≈♣♣≈
♣♣...♣♣♣♣.≈..♣♣..≈≈≈.♣.≈≈≈≈≈...


You could see a shambling mangrove, 2 hornets and a friendly ynoxinul.

Vanquished Creatures
  Kirke (Lair:4)
  A frost giant (IceCv)
  Nessos (D:14)
  A fire dragon (D:15)
  Josephine (D:10)
  10 hydras
  An ice dragon (D:15)
  4 catoblepae
  A centaur warrior (D:13)
  2 dancing weapons (D:14)
  10 two-headed ogres
  5 death yaks (Lair:6)
  An alligator (Swamp:2)
  The ghost of Cowkociz the Destroyer, a journeyman TeCj of Vehumet (D:11)
  A tengu warrior (D:14)
  Sonja (D:10)
  Nergalle (Lair:2)
  A deep troll (Orc:2)
  A spriggan druid (Swamp:2)
  A lindwurm (Lair:5)
  4 orc knights
  4 cyclopes
  An oklob plant (D:12)
  An ugly thing (D:11)
  2 manticores (Lair:6)
  An orc sorcerer (Orc:1)
  6 black mambas
  4 elephants (Lair:5)
  5 gargoyles
  An ice statue (IceCv)
  A molten gargoyle (Volcano)
  16 spiny frogs
  7 komodo dragons
  An efreet (Volcano)
  3 rime drakes
  A tengu conjurer (D:15)
  15 polar bears
  A tyrant leech (Swamp:1)
  14 trolls
  4 hornets
  9 dream sheep (Lair:5)
  9 slime creatures
  4 blink frogs (Lair:6)
  4 bog bodies
  15 hippogriffs
  Sigmund (D:2)
  A spriggan (Swamp:2)
  2 shadows
  4 wraiths
  4 wyverns
  A basilisk (Lair:3)
  3 fire elementals (Volcano)
  61 yaks
  3 hungry ghosts
  6 hogs
  3 humans
  Grum (D:10)
  2 fire bats (Volcano)
  8 vampire mosquitoes
  5 wargs
  8 swamp worms
  An acid dragon (D:13)
  3 nagas (Lair:4)
  11 water moccasins
  2 ice beasts
  7 porcupines
  A swamp drake (Swamp:2)
  3 phantoms
  2 black bears
  3 sky beasts
  18 orc warriors
  27 wolves
  2 eyes of draining
  30 ogres
  11 centaurs
  2 necrophages
  10 crocodiles
  5 big kobolds
  14 bullfrogs
  A gnoll sergeant (D:8)
  6 scorpions
  4 killer bees
  A howler monkey (D:6)
  8 wights
  A bullfrog zombie (D:5)
  6 centaur zombies
  7 lava snakes (Volcano)
  2 crimson imps
  3 bullfrog skeletons
  6 jellies
  18 orc priests
  A gnoll shaman (Orc:2)
  4 hounds
  20 orc wizards
  4 centaur skeletons
  Jessica (D:2)
  4 iguanas
  10 worker ants
  2 killer bee zombies
  2 hound zombies
  A hound skeleton (D:9)
  2 worker ant zombies
  Robin (D:3)
  2 howler monkey skeletons
  13 gnolls
  15 adders
  11 shadow imps
  18 oozes (D:12)
  3 adder skeletons
  An adder zombie (D:2)
  4 worms
  2 dart slugs
  4 leopard geckos
  75 orcs
  7 bats
  A bat zombie (D:2)
  8 giant cockroaches
  18 goblins
  5 hobgoblins
  13 jackals
  6 quokkas
  2 ball pythons
  8 frilled lizards
  A giant cockroach zombie (D:5)
  A jackal skeleton (D:4)
  11 kobolds
  A leopard gecko skeleton (D:4)
  2 leopard gecko zombies
  A quokka skeleton (D:8)
  2 quokka zombies
  10 rats
804 creatures vanquished.

Vanquished Creatures (collateral kills)
  Jorgrun (Orc:1)
  A thorn hunter (Swamp:1)
  A stone giant (Volcano)
  2 hydras
  3 ogre magi
  A deep troll (Orc:1)
  2 hornets (Swamp:1)
  4 dream sheep (Lair:5)
  A spriggan (Swamp:1)
  A water moccasin (Lair:6)
  2 orc warriors (Orc:1)
  An ogre (D:15)
  An orc priest (Orc:1)
  A howler monkey zombie (D:11)
  9 orcs (Orc:1)
31 creatures vanquished.

Vanquished Creatures (others)
  32 fungi
  27 plants
  8 toadstools (Swamp:1)
67 creatures vanquished.

Grand Total: 902 creatures vanquished

Notes
Turn   | Place    | Note
-------+----------+-------------------------------------------
     0 | D:1      | LSt the Octopode Transmuter began the quest for the Orb.
     0 | D:1      | Reached XP level 1. HP: 13/13 MP: 3/3
   428 | D:1      | Reached XP level 2. HP: 18/18 MP: 5/5
   432 | D:1      | Learned a level 2 spell: Sticks to Snakes
  1196 | D:2      | Reached XP level 3. HP: 23/23 MP: 4/6
  1201 | D:2      | Learned a level 3 spell: Spider Form
  1201 | D:2      | Upgraded the game from 0.25-a0-447-gff83419037 to
                  | 0.25-a0-458-g6fc7858b95
  1448 | D:2      | Reached skill level 1 in Poison Magic
  1715 | D:2      | Noticed Sigmund
  1724 | D:2      | Killed Sigmund
  1724 | D:2      | Reached skill level 5 in Poison Magic
  1724 | D:2      | Reached XP level 4. HP: 11/28 MP: 0/7
  1724 | D:2      | Reached XP level 5. HP: 13/33 MP: 0/8
  1939 | D:2      | Reached skill level 1 in Stealth
  2080 | D:2      | Noticed Jessica
  2094 | D:2      | Killed Jessica
  2094 | D:2      | Reached XP level 6. HP: 25/38 MP: 2/9
  2645 | D:3      | Found a faded altar of an unknown god.
  3131 | D:3      | Found a shattered altar of Ashenzari.
  3330 | D:3      | Found a radiant altar of Vehumet.
  3731 | D:3      | Noticed Robin
  3819 | D:3      | Killed Robin
  4390 | D:4      | Reached XP level 7. HP: 43/43 MP: 10/10
  5375 | D:4      | Found a staircase to the Ecumenical Temple.
  5386 | Temple   | Entered the Ecumenical Temple
  5900 | D:4      | Identified the +8 short sword "Peghosip" {freeze, rN+
                  | Dex+3}
  5902 | D:4      | Found a runed translucent gate.
  5902 | D:4      | Found a runed translucent gate.
  5902 | D:4      | Found a runed translucent gate.
  5903 | D:4      | Found a roughly hewn altar of Beogh.
  5906 | D:4      | Noticed PeterQ's ghost (amateur GnGl)
  5931 | D:4      | You fall into a shaft and drop 1 floor!
  5931 | D:5      | Entered Level 5 of the Dungeon
  5948 | D:5      | Reached skill level 5 in Stealth
  6653 | D:5      | Found a basalt altar of Yredelemnul.
  7075 | D:5      | Reached skill level 5 in Unarmed Combat
  7192 | D:5      | Reached XP level 8. HP: 51/51 MP: 7/11
  7811 | D:5      | Found a burning altar of Makhleb.
  7824 | D:5      | Became a worshipper of Makhleb the Destroyer
  8418 | D:6      | Noticed an air elemental
  8420 | D:6      | Found a stormy altar of Qazlal.
  8421 | D:6      | Noticed a water elemental
  8581 | D:6      | Found a white marble altar of Elyvilon.
  8993 | D:6      | Found a bloodstained altar of Trog.
  9227 | D:6      | Learned a level 4 spell: Ice Form
  9362 | D:7      | Reached * piety under Makhleb
  9667 | D:7      | Found an ancient bone altar of Kikubaaqudgha.
  9857 | D:7      | Reached XP level 9. HP: 58/58 MP: 12/12
 10324 | D:7      | Reached skill level 1 in Ice Magic
 11002 | D:8      | Reached skill level 5 in Transmutations
 11255 | D:8      | Found a hide-covered altar of Uskayaw.
 11944 | D:9      | Found a sparkling altar of Nemelex Xobeh.
 12224 | D:8      | Reached XP level 10. HP: 65/65 MP: 10/14
 12695 | D:8      | Learned a level 5 spell: Blade Hands
 12901 | D:9      | Reached skill level 5 in Fighting
 13100 | D:9      | Reached ** piety under Makhleb
 13106 | D:9      | Reached skill level 1 in Invocations
 13673 | D:9      | Found a staircase to the Orcish Mines.
 13840 | D:9      | Found a glowing silver altar of Zin.
 14683 | D:10     | Entered Level 10 of the Dungeon
 15092 | D:10     | Noticed Josephine
 15321 | D:10     | Noticed Sonja
 15340 | D:10     | Killed Sonja
 15340 | D:10     | Reached XP level 11. HP: 50/71 MP: 15/15
 15817 | D:10     | Noticed Grum
 16729 | D:10     | Killed Grum
 16803 | D:10     | Found a staircase to the Lair.
 16977 | Lair:1   | Entered Level 1 of the Lair of Beasts
 16992 | Lair:1   | Reached skill level 10 in Unarmed Combat
 17200 | Lair:1   | Reached *** piety under Makhleb
 17405 | Lair:1   | Reached skill level 5 in Dodging
 17522 | Lair:1   | Reached skill level 5 in Invocations
 18074 | Lair:1   | Reached XP level 12. HP: 81/81 MP: 13/16
 18256 | Lair:2   | Noticed Nergalle
 18397 | Lair:2   | Noticed ICC's ghost (journeyman VSGl)
 18398 | Lair:2   | Found a transporter.
 18402 | Lair:2   | Found a transporter.
 18620 | Lair:2   | Noticed an eight-headed hydra
 19603 | Lair:3   | Reached skill level 10 in Stealth
 19944 | Lair:4   | Noticed an eight-headed hydra
 20033 | Lair:4   | Killed an eight-headed hydra
 20122 | Lair:4   | Found a staircase to the Swamp.
 20142 | Lair:4   | Noticed an eight-headed hydra
 20321 | Lair:4   | Killed an eight-headed hydra
 20942 | Lair:4   | Found a staircase to the Snake Pit.
 21638 | Lair:5   | Noticed Kirke
 21903 | Lair:4   | Killed Kirke
 22219 | Lair:5   | Reached XP level 13. HP: 62/90 MP: 15/18
 22634 | Lair:5   | Reached **** piety under Makhleb
 23257 | Lair:5   | Found a staircase to the Slime Pits.
 23258 | Lair:5   | Found a viscous altar of Jiyva.
 23705 | Lair:6   | Entered Level 6 of the Lair of Beasts
 24288 | Lair:6   | Reached skill level 10 in Fighting
 25456 | Lair:6   | Reached XP level 14. HP: 73/99 MP: 13/20
 26819 | Lair:2   | Killed Nergalle
 27202 | Lair:4   | Got a brightly glowing quarterstaff
 27203 | Lair:4   | Identified the cursed +2 quarterstaff "Vatremp" {freeze,
                  | rPois MR- Str+6} (You found it on level 4 of the Lair of
                  | Beasts)
 27595 | D:10     | Killed Josephine
 27859 | D:11     | Learned a level 3 spell: Ozocubu's Armour
 27893 | D:11     | Found Zyujemeu's Distillery.
 27945 | D:11     | Noticed Cowkociz's ghost (journeyman TeCj)
 27948 | D:11     | Found a runed translucent door.
 27989 | D:11     | Killed Cowkociz's ghost
 28048 | D:11     | Found an opulent altar of Gozag.
 28237 | D:11     | Found a frozen archway.
 28321 | IceCv    | Entered an ice cave
 28949 | IceCv    | Reached skill level 1 in Charms
 29195 | IceCv    | Noticed a frost giant
 29539 | IceCv    | Got a twisted glaive
 29566 | IceCv    | Killed a frost giant
 30875 | D:12     | Found Mozxurph's Antique Weapon Shop.
 31044 | D:12     | Reached ***** piety under Makhleb
 31658 | D:12     | Learned a level 3 spell: Mephitic Cloud
 32009 | D:13     | Reached skill level 1 in Air Magic
 32011 | D:13     | Reached skill level 1 in Conjurations
 32198 | D:13     | Reached XP level 15. HP: 106/106 MP: 17/22
 32625 | D:13     | Found a runed translucent gate.
 32625 | D:13     | Found a runed translucent gate.
 32626 | D:13     | Identified the +9 whip "Tafrips" {elec, Int+4}
 32627 | D:13     | Found a runed translucent gate.
 32628 | D:13     | Noticed Iduconai's ghost (journeyman DrGl)
 32628 | D:13     | Identified the +9 dagger "Gemut" {chaos, +Fly}
 32867 | D:13     | Identified a scroll of acquirement
 32868 | D:13     | Identified the Almanac of Dark Contamination (You acquired
                  | it on level 13 of the Dungeon)
 33055 | Orc:1    | Entered Level 1 of the Orcish Mines
 33055 | Orc:1    | Found Irghunyha's Food Boutique.
 33055 | Orc:1    | Noticed Jorgrun
 33067 | Orc:1    | Killed Jorgrun
 33386 | Orc:1    | Found a dark tunnel.
 33517 | Volcano  | Entered a volcano
 33998 | Volcano  | Found a bloodstained altar of Trog.
 35088 | Orc:2    | Entered Level 2 of the Orcish Mines
 35557 | Orc:2    | Found a staircase to the Elven Halls.
 36240 | Orc:2    | Reached skill level 10 in Invocations
 37874 | Orc:2    | Found Sufiam's Antique Armour Shop.
 37895 | Orc:2    | Found Zakh's Armour Shop.
 37895 | Orc:2    | Found Athom's Food Emporium.
 37919 | Orc:2    | Found Piunasiz's Assorted Antiques.
 37935 | Orc:2    | Bought a knobbly emerald ring for 120 gold pieces
 37935 | Orc:2    | Bought a scroll of identify for 48 gold pieces
 37936 | Orc:2    | Bought a phantom mirror for 720 gold pieces
 38871 | D:14     | Found a gate to the Vaults.
 39435 | D:14     | Noticed Nessos
 39471 | D:14     | Killed Nessos
 39678 | D:15     | Entered Level 15 of the Dungeon
 39917 | D:15     | Found a shattered altar of Ashenzari.
 40707 | D:14     | Found a gate to the Vaults.
 40973 | D:15     | Reached skill level 5 in Spellcasting
 40977 | D:15     | Learned a level 2 spell: Blink
 41258 | D:15     | Reached XP level 16. HP: 113/113 MP: 22/24
 41380 | D:15     | Reached skill level 1 in Translocations
 41745 | D:15     | Found a staircase to the Depths.
 42261 | Swamp:1  | Entered Level 1 of the Swamp
 42789 | Swamp:1  | Identified the ring "Diminei" {Ice Stlth+} (You acquired it
                  | on level 1 of the Swamp)
 42789 | Swamp:1  | Identified the +0 buckler "Huorosh" {rF+ rN+ Str+4 Dex-5}
                  | (You acquired it on level 1 of the Swamp)
 43148 | Swamp:1  | Noticed a thorn hunter
 43178 | Swamp:1  | Killed a thorn hunter
 43651 | Swamp:1  | Learned a level 3 spell: Ignite Poison
 43654 | Swamp:1  | You fall into a shaft and drop 1 floor!
 44194 | Swamp:1  | Identified the Tome of Damaging Fascination (You acquired
                  | it on level 1 of the Swamp)
 44229 | Swamp:2  | Reached skill level 10 in Dodging
 44626 | Swamp:2  | HP: 5/136 [shambling mangrove (11)]
 44626 | Swamp:2  | HP: 1/136 [hornet[a shambling mangrove] (3)]
 44626 | Swamp:2  | Paralysed by a hornet for 2 turns
 44627 | Swamp:2  | Succumbed to a hornet's poison

Levels and vault maps discovered:
D:1:      kennysheep_arrival_forest, layout_basic
D:2:      layout_basic, serial_undead, serial_undead_f, serial_undead_e,
          serial_undead_d, serial_undead_a, minmay_ruptured, uniq_jessica,
          uniq_sigmund
D:3:      kennysheep_goblin_castle, layout_loops_ring, lemuel_crystal_altar,
          lemuel_coloured_pillars_altar, chequers_ecumenical_altar_simple_redux
D:4:      layout_basic, minmay_temple_entry_ruins, biasface_ghost_orc_armoury
D:5:      layout_loops_ring, overflow_temple_1_default, makhleb_grotto_becter,
          first_ration, serial_bayou, serial_bayou_pond_a, serial_bayou_shore_b,
          serial_bayou_pond_d, serial_bayou_shore_b, serial_bayou_pond_e,
          serial_bayou_pond_b
D:6:      layout_loops_ring, elyvilon_altar_3, nicolae_qazlal_style_of_elements,
          lightli_temple_of_fire, glass_columns_b, minmay_bent
D:7:      layout_layer_cave, lemuel_crystal_altar
D:8:      cheibrodos_helix_gallery, layout_gridville,
          eat_drink_and_be_merry_uskayaw, grunt_livestock
D:9:      layout_small_grid, nemelex_xobeh_ov_fountains_minmay,
          old_standard_altar, kennysheep_orc_monster_closet_entryway
D:10:     layout_loops_cross, grunt_lair_entry_orc_guard_hut, uniq_grum,
          uniq_josephine, uniq_sonja
D:11:     layout_basic, basic_altar, portal_ice_cave_rime, serial_shops,
          nicolae_shop_stone, hellmonk_ghost_happy_afterlife
D:12:     lemuel_slime, layout_rooms, serial_shops, shop
D:13:     layout_basic, gammafunk_ghost_nasty_kobolds
D:14:     layout_long_grid, erik_vaults_1, uniq_nessos
D:15:     grunt_enter_depths_hoard, layout_irregular_city,
          evilmike_ruin_ashenzari, bh_walls_and_bars
Temple:   jpeg_temple_clearing
Lair:1:   layout_roguey, beast_lair_carwin_1
Lair:2:   layout_loops_ring, gammafunk_ghost_arena, uniq_nergalle
Lair:3:   layout_hall_layers
Lair:4:   layout_gridlike, swamp_mist, minmay_snake_entry_guardpost_small
Lair:5:   layout_loops_ring, slime_altar_1, uniq_kirke
Lair:6:   evilmike_catoblepas_cave, layout_regular_city, minivault_26
Swamp:1:  cheibrodos_swamp_tower_of_moss, layout_basic_swamp,
          infiniplex_staircase_pool_2
Swamp:2:  layout_basic_swamp, evilmike_swamp_ruin_house_6
Orc:1:    layout_caves, serial_shops, shop, nicolae_volcano_entry_s_turn,
          uniq_jorgrun
Orc:2:    st_orc_open, layout_caves

Skill      XL: |  1  2  3  4  5  6  7  8  9 10 11 12 13 14 15 16 |
---------------+-------------------------------------------------+-----
Transmutations | 3 7 8 |  8.7
Poison Magic   | 5 |  5.3
Stealth        | 2 3 5 6 7 8 9 10 12 13 14 | 14.3
Dodging        | 3 4 5 6 7 8 9 10 | 10.1
Unarmed Combat | 5 7 9 10 12 13 14 | 14.8
Fighting       | 2 4 5 7 9 10 11 | 11.9
Ice Magic      | 2 4 |  4.3
Spellcasting   | 3 4 5 |  5.0
Invocations    | 4 5 7 9 11 12 | 12.2
Charms         | 1 |  1.0
Air Magic      | 1 |  1.0
Conjurations   | 1 |  1.0
Translocations | 2 |  2.0

Action                   |  1- 3 |  4- 6 |  7- 9 | 10-12 | 13-15 | 16-18 || total
-------------------------+-------+-------+-------+-------+-------+-------++-------
Melee: Unarmed           |    70 |    99 |   301 |   493 |   867 |   134 ||  1964
       Constrict         |    24 |    19 |    28 |    16 |    64 |       ||   151
       Kick              |    13 |     7 |    19 |       |       |       ||    39
       Tentacles         |     9 |    13 |    22 |    20 |    93 |     4 ||   161
       Punch             |     2 |     2 |     3 |     4 |    51 |       ||    62
       Staff             |       |       |       |       |     8 |       ||     8
 Fire: Hunting sling     |     1 |    62 |   204 |   247 |   240 |       ||   754
       Fustibalus        |       |       |       |       |   113 |     9 ||   122
Throw: Stone             |       |       |       |     4 |    18 |       ||    22
 Cast: Beastly Appendage |    16 |     7 |    22 |     2 |       |       ||    47
       Spider Form       |     1 |     5 |    21 |     3 |       |       ||    30
       Ice Form          |       |       |     5 |    63 |    49 |    28 ||   145
       Sticks to Snakes  |       |       |     1 |       |       |       ||     1
       Blade Hands       |       |       |       |     6 |   106 |     4 ||   116
       Ozocubu's Armour  |       |       |       |       |    25 |     8 ||    33
       Mephitic Cloud    |       |       |       |       |     6 |     3 ||     9
       Blink             |       |       |       |       |       |     4 ||     4
       Ignite Poison     |       |       |       |       |       |     3 ||     3
Invok: Minor Destruction |       |       |       |    40 |   171 |    41 ||   252
       Lesser Servant of |       |       |       |     4 |    32 |     7 ||    43
 Abil: End Transformatio |       |     1 |     8 |    58 |    62 |    14 ||   143
Evoke: Wand              |       |       |     1 |     5 |     1 |     4 ||    11
  Use: Scroll            |     3 |     2 |    11 |     7 |    21 |     3 ||    47
       Potion            |     1 |       |       |     1 |     4 |       ||     6
 Stab: Sleeping          |     7 |     2 |     3 |     3 |    15 |     2 ||    32
       Distracted        |       |       |       |       |     4 |       ||     4
       Confused          |       |       |       |       |     4 |       ||     4
  Eat: Chunk             |     3 |     9 |    22 |    31 |    58 |     9 ||   132
       Ration            |       |       |     2 |     5 |     9 |     1 ||    17
Armor: Skin              |     4 |     6 |    13 |    81 |    90 |    36 ||   230
Dodge: Dodged            |    33 |    55 |   206 |   247 |   432 |   102 ||  1075

Table legend:
 A = Non-vault XP
 B = Vault XP
 C = Vault XP percentage of total XP
 D = Non-vault monster count
 E = Vault monster count
 F = Vault count percentage of total count
                 A         B        C        D         E       F
            +---------+---------+-------+---------+---------+-------
      Total |   85063 |   61050 |  41.8 |     594 |     239 |  28.7
            +---------+---------+-------+---------+---------+-------
        D:1 |      28 |       0 |   0.0 |      19 |       0 |   0.0
        D:2 |      82 |     267 |  76.5 |      21 |       6 |  22.2
        D:3 |     157 |      53 |  25.2 |      24 |      20 |  45.5
        D:4 |     371 |       0 |   0.0 |      22 |       0 |   0.0
        D:5 |     416 |      39 |   8.6 |      18 |       4 |  18.2
        D:6 |     404 |     137 |  25.3 |      12 |       7 |  36.8
        D:7 |     757 |       0 |   0.0 |      20 |       0 |   0.0
        D:8 |     959 |    1306 |  57.7 |      13 |      10 |  43.5
        D:9 |    1980 |    1493 |  43.0 |      33 |      18 |  35.3
       D:10 |    1603 |    3654 |  69.5 |      13 |      15 |  53.6
       D:11 |    3528 |    1591 |  31.1 |      25 |       3 |  10.7
       D:12 |    3420 |     803 |  19.0 |      21 |      22 |  51.2
       D:13 |    5709 |       0 |   0.0 |      46 |       0 |   0.0
       D:14 |    6971 |    3142 |  31.1 |      26 |       3 |  10.3
       D:15 |    5951 |    2052 |  25.6 |      28 |       2 |   6.7
     Lair:1 |    6000 |    1986 |  24.9 |      31 |       8 |  20.5
     Lair:2 |    2071 |     808 |  28.1 |       7 |       1 |  12.5
     Lair:3 |    4482 |       0 |   0.0 |      18 |       0 |   0.0
     Lair:4 |    4071 |    2671 |  39.6 |      13 |       4 |  23.5
     Lair:5 |    9621 |     585 |   5.7 |      35 |       3 |   7.9
     Lair:6 |    9380 |   10740 |  53.4 |      33 |      23 |  41.1
    Swamp:1 |    5206 |    1937 |  27.1 |      18 |       1 |   5.3
    Swamp:2 |    5756 |       0 |   0.0 |      14 |       0 |   0.0
      Orc:1 |    2686 |    2300 |  46.1 |      33 |       3 |   8.3
      Orc:2 |    3454 |   12982 |  79.0 |      51 |      33 |  39.3
      IceCv |       0 |    8859 | 100.0 |       0 |      36 | 100.0
    Volcano |       0 |    3645 | 100.0 |       0 |      17 | 100.0
            +---------+---------+-------+---------+---------+-------
